 Dungeon Crawl Stone Soup version 0.20.1-1-g8b1a95d66d (webtiles) character file.

12124 chimenez the Carver (level 11, -10/145 HPs)
             Began as a Minotaur Fighter on Mar 23, 2018.
             Was an Elder of Okawaru.
             Mangled by an orc knight
             ... wielding a +3 vampiric glaive
              (13 damage)
             ... on level 10 of the Dungeon.
             The game lasted 00:30:06 (10136 turns).

chimenez the Carver (Minotaur Fighter)             Turns: 10136, Time: 00:30:06

Health: -10/145    AC: 25    Str: 23    XL:     11   Next: 58%
Magic:  19/19      EV:  2    Int:  5    God:    Okawaru [****..]
Gold:   224        SH: 12    Dex: 11    Spells: 10/10 levels left

rFire    . . .     SeeInvis .   w - +1 short sword (speed)
rCold    . . .     Gourm    +   c - +0 shield
rNeg     + + +     Faith    .   (armour currently unavailable)
rPois    +         Spirit   .   (helmet currently unavailable)
rElec    .         Reflect  .   (cloak currently unavailable)
rCorr    .         Harm     .   (gloves currently unavailable)
MR       .....     Clarity  +   (boots currently unavailable) Stlth +.........NoTele +
                                F - amulet of the gourmand
Regen    0.4/turn               q - ring of magical power
MPRegen  0.2/turn               (no ring)

@: tree-form
A: (retaliatory headbutt), clarity, deterioration 1, mutation resistance 1
a: Heroism, Renounce Religion


You were on level 10 of the Dungeon.
You worshipped Okawaru.
Okawaru was greatly pleased with you.
You were completely stuffed.
You were a tree.
You visited 2 branches of the dungeon, and saw 11 of its levels.

You collected 263 gold pieces.
You spent 39 gold pieces at shops.

Inventory:

Hand Weapons
 a - a +0 long sword
 w - a +1 short sword of speed (weapon)
 A - a +0 scimitar
 O - a +2 whip of electrocution
 P - a +0 falchion
Missiles
 y - 17 tomahawks (quivered)
 H - 6 javelins
 L - 6 silver tomahawks
 M - 3 poisoned javelins
Armour
 c - a +0 shield (worn)
 h - +0 shadow dragon scales (melded)
 r - a +0 cloak (melded)
 v - a +2 pair of gloves (melded)
 Q - a +1 pair of boots (melded)
Jewellery
 q - a ring of magical power (left branch)
 F - an amulet of the gourmand (around neck)
Wands
 N - a wand of disintegration (19/24)
Scrolls
 b - 4 scrolls of teleportation
 e - 2 scrolls of enchant weapon
 j - 2 scrolls of fog {unknown}
 k - a scroll of noise {unknown}
 l - 2 scrolls of amnesia {unknown}
 o - a scroll of random uselessness {unknown}
 s - 3 scrolls of remove curse
 t - 2 scrolls of recharging
 x - a scroll of blinking {unknown}
Potions
 d - a potion of might
 g - 3 potions of brilliance
 i - 5 potions of curing
 p - 2 potions of lignification
 u - a potion of berserk rage {unknown}
 z - 4 potions of heal wounds {unknown}
 D - a potion of agility {unknown}
 E - 4 potions of resistance
 G - a potion of ambrosia
 K - a potion of haste {unknown}
 R - a potion of mutation {unknown}
Books
 B - a book of Misfortune

   Spells                             Type                      Level
   a - Confusing Touch                Hexes                        1
   b - Confuse                        Hexes                        3
   c - Gell's Gravitas                Translocation                3
   d - Petrify                        Transmutation/Earth          4
   e - Metabolic Englaciation         Hexes/Ice                    5
   f - Yara's Violent Unravelling     Hexes/Transmutation          5
 I - a book of Callings

   Spells                             Type                      Level
   a - Summon Small Mammal            Summoning                    1
   b - Call Imp                       Summoning                    2
   c - Call Canine Familiar           Summoning                    3
   d - Summon Guardian Golem          Hexes/Summoning              3
   e - Summon Lightning Spire         Summoning/Air                4
   f - Summon Ice Beast               Ice/Summoning                4
Comestibles
 f - 4 bread rations
 m - 2 chunks of flesh
 n - 4 meat rations
 C - 3 fruits
 J - 2 royal jellies


   Skills:
 + Level 9.4 Fighting
 * Level 13.0 Long Blades
 + Level 6.6 Throwing
 - Level 5.2 Armour
 + Level 8.2 Dodging
 + Level 10.1 Shields


You had 10 spell levels left.
You didn't know any spells.

Dungeon Overview and Level Annotations

Branches:
Dungeon (10/15)            Temple (1/1) D:6            Lair (0/6) D:9
    Orc (0/2) D:9

Altars:
Ashenzari
Cheibriados
Elyvilon
Fedhas
Gozag
Hepliaklqana
Makhleb
Nemelex Xobeh
Okawaru
Qazlal
Uskayaw
Xom
Yredelemnul
The Shining One

Shops:
D:8 *

Annotations:
D:10 2 runed doors


Innate Abilities, Weirdness & Mutations

((You reflexively headbutt those who attack you in melee.))
((You have a pair of horns on your head.))
You possess an exceptional clarity of mind.
Your body sometimes deteriorates upon taking damage.
You are somewhat resistant to further mutation.


Message History

The orc knight is severely wounded.
The orc knight hits you with a vampiric glaive.
* * * LOW HITPOINT WARNING * * *
Your shield prevents you from hitting the orc knight.
The orc knight is severely wounded.
You barely miss the orc knight.
The orc knight is severely wounded.
The orc knight hits you with a vampiric glaive!
* * * LOW HITPOINT WARNING * * *
You hit the orc knight but do no damage.
The orc knight is severely wounded.
You fail to use your ability.
The orc knight hits you with a vampiric glaive.
* * * LOW HITPOINT WARNING * * *
You hit the orc knight but do no damage.
The orc knight is severely wounded.
You hit the orc knight but do no damage.
The orc knight is severely wounded.
The orc knight hits you with a vampiric glaive!
You die...

###......########
+.................
####......########
#.....## #.##.##
.###.##.#
........#
######..#
##o♣..##.#
#[####÷#.########
#...#.##........#
#.#o##.'.##++##..
#.##.##### ##? .?#
# ##


You could see an orc knight.

Vanquished Creatures
  A two-headed ogre (D:9)
  An unseen horror (D:10)
  Pikel (D:7)
  The ghost of aredel the Skirmisher, a novice NaFi (D:6)
  Psyche (D:8)
  A kobold demonologist (D:9)
  A hornet (D:9)
  2 hippogriffs
  Sigmund (D:2)
  A wraith (D:10)
  5 yaks (D:9)
  Grum (D:8)
  Menkaure (D:4)
  5 ice beasts
  2 porcupines (D:9)
  5 black bears
  7 orc warriors
  4 sky beasts
  A necrophage (D:9)
  5 ogres
  5 centaurs
  2 wolves (D:8)
  16 big kobolds (D:9)
  4 bullfrogs
  A wyvern skeleton (D:6)
  2 scorpions (D:9)
  15 killer bees (D:8)
  5 wights (D:8)
  5 howler monkeys
  6 crimson imps
  A quasit (D:6)
  2 jellies
  Crazy Yiuf (D:7)
  8 hounds
  6 orc priests
  A centaur zombie (D:5)
  13 orc wizards
  4 centaur skeletons
  3 iguanas
  Natasha (D:2)
  5 worker ants
  A hound zombie (D:3)
  4 gnolls (D:3)
  8 adders
  3 shadow imps
  An adder zombie (D:10)
  3 adder skeletons
  2 worms
  6 dart slugs
  6 leopard geckos
  61 orcs
  8 giant cockroaches
  7 goblins
  6 hobgoblins
  14 jackals
  20 kobolds
  4 quokkas
  6 bats
  4 frilled lizards
  A quokka skeleton (D:4)
  2 quokka zombies
  2 rats (D:3)
322 creatures vanquished.

Vanquished Creatures (others)
  10 fungi (D:9)
  A plant (D:9)
11 creatures vanquished.

Grand Total: 333 creatures vanquished

Notes
Turn   | Place    | Note
-------+----------+-------------------------------------------
     0 | D:1      | chimenez the Minotaur Fighter began the quest for the Orb.
     0 | D:1      | Reached XP level 1. HP: 19/19 MP: 0/0
   174 | D:1      | You fall through a shaft!
   200 | D:2      | Reached XP level 2. HP: 26/27 MP: 1/1
   242 | D:2      | Noticed Sigmund
   251 | D:2      | Killed Sigmund
   251 | D:2      | Reached skill level 4 in Long Blades
   251 | D:2      | Reached skill level 1 in Dodging
   251 | D:2      | Reached XP level 3. HP: 34/34 MP: 2/2
   251 | D:2      | Reached XP level 4. HP: 41/41 MP: 3/3
   251 | D:2      | Reached XP level 5. HP: 47/47 MP: 4/4
   965 | D:2      | Noticed Natasha
   970 | D:2      | Killed Natasha
  1013 | D:2      | Reached skill level 5 in Shields
  1013 | D:2      | Reached XP level 6. HP: 53/53 MP: 5/5
  1291 | D:3      | Found an opulent altar of Gozag.
  1560 | D:3      | Reached skill level 5 in Long Blades
  1742 | D:3      | Reached skill level 5 in Fighting
  1803 | D:3      | Found a burning altar of Makhleb.
  2018 | D:4      | Found a hide-covered altar of Uskayaw.
  2020 | D:4      | Found a shimmering altar of Xom.
  2020 | D:4      | Found a stormy altar of Qazlal.
  2022 | D:4      | Found a stormy altar of Qazlal.
  2022 | D:4      | Found an opulent altar of Gozag.
  2022 | D:4      | Found a basalt altar of Yredelemnul.
  2032 | D:4      | Reached XP level 7. HP: 60/61 MP: 6/6
  2081 | D:4      | Noticed Menkaure
  2099 | D:4      | Killed Menkaure
  2099 | D:4      | Reached skill level 5 in Armour
  2396 | D:4      | Reached skill level 6 in Long Blades
  2472 | D:4      | Found a hazy altar of Hepliaklqana.
  2719 | D:4      | Found a snail-covered altar of Cheibriados.
  2938 | D:5      | Entered Level 5 of the Dungeon
  3171 | D:5      | Reached skill level 1 in Throwing
  3585 | D:5      | Reached XP level 8. HP: 69/69 MP: 7/7
  3756 | D:5      | Reached skill level 7 in Long Blades
  4001 | D:5      | Gained mutation: Your body sometimes deteriorates upon taking damage. [mutagenic meat]
  4002 | D:5      | Gained mutation: You possess an exceptional clarity of mind. [mutagenic meat]
  4003 | D:5      | Gained mutation: You are somewhat resistant to further mutation. [mutagenic meat]
  4068 | D:6      | Noticed aredel's ghost (novice NaFi)
  4092 | D:6      | Killed aredel's ghost
  4092 | D:6      | Reached skill level 8 in Long Blades
  4246 | D:6      | Reached XP level 9. HP: 74/78 MP: 8/8
  4378 | D:6      | Reached skill level 5 in Dodging
  4856 | D:6      | Reached skill level 9 in Long Blades
  4885 | D:6      | Found a staircase to the Ecumenical Temple.
  4899 | Temple   | Entered the Ecumenical Temple
  4909 | Temple   | Became a worshipper of Warmaster Okawaru
  5406 | D:7      | Found a runed door.
  5478 | D:7      | Noticed Pikel
  5502 | D:7      | Killed Pikel
  5543 | D:7      | Reached * piety under Okawaru
  5589 | D:7      | Reached skill level 10 in Long Blades
  5972 | D:7      | Noticed Crazy Yiuf
  5978 | D:7      | Killed Crazy Yiuf
  6219 | D:8      | Reached XP level 10. HP: 87/88 MP: 9/9
  6481 | D:7      | Reached ** piety under Okawaru
  6864 | D:8      | Found Awunkop's General Store.
  6872 | D:8      | Bought a potion of lignification for 39 gold pieces
  6935 | D:8      | Noticed Psyche
  6948 | D:8      | Killed Psyche
  6948 | D:8      | Reached skill level 11 in Long Blades
  6948 | D:8      | Reached skill level 5 in Throwing
  7358 | D:8      | Noticed Grum
  7375 | D:8      | Killed Grum
  8480 | D:9      | Reached *** piety under Okawaru
  8641 | D:9      | Found a staircase to the Orcish Mines.
  8850 | D:9      | Found a staircase to the Lair.
  8870 | D:9      | Reached XP level 11. HP: 40/95 MP: 10/10
  8875 | D:9      | Reached skill level 12 in Long Blades
  9270 | D:9      | Found a blossoming altar of Fedhas.
  9273 | D:9      | Found a hide-covered altar of Uskayaw.
  9285 | D:9      | Found a basalt altar of Yredelemnul.
  9296 | D:9      | Found a shattered altar of Ashenzari.
  9449 | D:9      | Reached **** piety under Okawaru
  9572 | D:9      | Noticed a sun demon
  9574 | D:9      | Received a gift from Okawaru
  9833 | D:9      | Noticed a two-headed ogre
  9850 | D:9      | Killed a two-headed ogre
  9850 | D:9      | Reached skill level 10 in Shields
 10005 | D:10     | Entered Level 10 of the Dungeon
 10036 | D:10     | Found a large runed door.
 10036 | D:10     | Found a large runed door.
 10079 | D:10     | Killed an unseen horror
 10079 | D:10     | Received a gift from Okawaru
 10079 | D:10     | Reached skill level 13 in Long Blades
 10086 | D:10     | Noticed an orc knight
 10132 | D:10     | HP: 7/145 [orc knight/vampiric glaive (9)]
 10134 | D:10     | HP: 2/145 [orc knight/vampiric glaive (5)]
 10136 | D:10     | Mangled by an orc knight

Skill      XL: |  1  2  3  4  5  6  7  8  9 10 11 |
---------------+----------------------------------+-----
Fighting       | 4 5 6 7 8 9 |  9.4
Long Blades    | 4 5 6 8 10 11 13 | 13.0
Armour         | 4 5 |  5.2
Dodging        | 1 2 3 4 6 7 8 |  8.2
Shields        | 4 5 6 7 8 9 10 | 10.1
Throwing       | 1 3 4 5 6 |  6.6

Action                   |  1- 3 |  4- 6 |  7- 9 | 10-12 || total
-------------------------+-------+-------+-------+-------++-------
Melee: Long sword        |    28 |   176 |   316 |   211 ||   731
       Headbutt          |     4 |    22 |    82 |   134 ||   242
       Short sword       |       |    15 |       |   156 ||   171
       Scimitar          |       |       |       |   325 ||   325
Throw: Javelin           |       |       |     7 |       ||     7
       Tomahawk          |       |       |     2 |     8 ||    10
       Throwing net      |       |       |     2 |       ||     2
Invok: Heroism           |       |       |       |     8 ||     8
  Use: Scroll            |       |       |     7 |     4 ||    11
       Potion            |       |       |       |     2 ||     2
 Stab: Sleeping          |       |     8 |    12 |     3 ||    23
       Distracted        |       |     1 |     1 |     2 ||     4
  Eat: Chunk             |       |     4 |    26 |    14 ||    44
Armor: Shadow dragon sca |    11 |    98 |   113 |   179 ||   401
       Scale mail        |     2 |       |       |       ||     2
       Skin              |       |       |       |     1 ||     1
Dodge: Dodged            |     8 |    63 |    96 |   167 ||   334
Block: Shield            |    15 |   100 |   134 |   280 ||   529
       Rpst.: Long sword |     3 |     8 |    33 |    18 ||    62
       Scimitar          |       |       |       |    14 ||    14
